 Dungeon Crawl Stone Soup version 0.26-a0-658-gbdda728c12 (webtiles) character file.

Game seed: 8135966718097619961

129 tacoguy the Conjurer (level 4, -2/24 HPs)
             Began as a Deep Elf Conjurer on Oct 5, 2020.
             Slain by an adder (4 damage)
             ... on level 2 of the Dungeon.
             The game lasted 00:08:34 (2290 turns).

tacoguy the Conjurer (Deep Elf Conjurer)            Turns: 2290, Time: 00:08:35

Health: -2/24      AC:  5    Str:  2 (4)  XL:     4   Next: 88%
Magic:  2/13       EV: 12    Int: 22 (24) God:
Gold:   163        SH:  0    Dex: 12 (13) Spells: 3/13 levels left

rFire    . . .     SeeInvis .   (no weapon)
rCold    . . .     Faith    .   (no shield)
rNeg     . . .     Spirit   .   a - +0 robe
rPois    .         Reflect  .   (no helmet)
rElec    .         Harm     .   (no cloak)
rCorr    .         Rampage  .   b - +2 pair of gloves
MR       .....                  (no boots)
Stlth    ++........             (no amulet)
HPRegen  0.08/turn              (no ring)
MPRegen  0.13/turn              (no ring)

@: lethally poisoned (-2 -> -6)
A: no striking features
a: no special abilities


You were on level 2 of the Dungeon.
You visited 1 branch of the dungeon, and saw 3 of its levels.

You collected 163 gold pieces.

Inventory:

Armour
 a - a +0 robe (worn)
 b - a +2 pair of gloves (worn)
Scrolls
 c - 2 scrolls of amnesia
 d - a scroll of remove curse
 f - a scroll of magic mapping


   Skills:
 - Level 2.4 Dodging
 - Level 2.4 Stealth
 + Level 5.3 Spellcasting
 + Level 5.8 Conjurations


You had 3 spell levels left.
You knew the following spells:

 Your Spells              Type           Power        Failure   Level
b - Searing Ray           Conj           ####..       1%          2
c - Fulminant Prism       Conj/Hex       ###.......   30%         4
d - Iskenderun's Mystic   Conj/Tloc      ###.....     30%         4

Your spell library contained the following spells:

 Spells                   Type           Power        Failure   Level
 Magic Dart               Conj           ####         1%          1
 Dazzling Flash           Conj/Hex       ###...       9%          3


Dungeon Overview and Level Annotations

Branches:
Dungeon (3/15)

Altars:
Kikubaaqudgha


Message History

The adder closely misses you.
You see here a hobgoblin corpse.
An adder comes into view.
There is a stone staircase leading up here.
The adder bites you.
* * * LOW HITPOINT WARNING * * *
You are lethally poisoned!
The adder poisons you! The adder bites you but does no damage.
You climb upwards.
* * * LOW HITPOINT WARNING * * *
You feel sick.
There is a stone staircase leading down here.
* * * LOW HITPOINT WARNING * * *
You feel sick.
* * * LOW HITPOINT WARNING * * *
You feel sick. The adder closely misses you.
* * * LOW HITPOINT WARNING * * *
You feel sick. The adder bites you but does no damage. The adder bites you.
You die...

#..............
########.......
####.... #....
##############.(##
#...............<#
#.###............#
##.###.####.####..#
##.@.##.# #.# #...#
##..S..#.# #.# #.#..
#.##.##.(####.# #...#
#.............# ##..#
#.##.##..#....## #..#
#..#.#.#.#.###.###...
#.#...##...# #.......
#......###.###.###...
#......# #....## ####


You could see an adder.

Vanquished Creatures
  2 adders
  4 gnolls
  An ooze (D:1)
  3 dart slugs
  2 leopard geckos (D:1)
  4 orcs (D:3)
  5 giant cockroaches
  3 goblins
  5 hobgoblins
  2 quokkas (D:3)
  3 ball pythons
  10 bats
  3 frilled lizards (D:1)
  7 kobolds
  4 rats
58 creatures vanquished.

Vanquished Creatures (others)
  A fulminant prism (D:3)
  2 withered plants (D:2)
3 creatures vanquished.

Grand Total: 61 creatures vanquished

Notes
Turn   | Place    | Note
-------+----------+-------------------------------------------
     0 | D:1      | tacoguy the Deep Elf Conjurer began the quest for the Orb.
     0 | D:1      | Reached XP level 1. HP: 10/10 MP: 6/6
   160 | D:1      | Reached XP level 2. HP: 15/15 MP: 6/8
   200 | D:1      | Learned a level 2 spell: Searing Ray
   522 | D:1      | Reached skill level 5 in Conjurations
   522 | D:1      | Reached XP level 3. HP: 19/19 MP: 6/10
  1730 | D:2      | Found an ancient bone altar of Kikubaaqudgha.
  1880 | D:2      | Reached XP level 4. HP: 24/24 MP: 10/12
  1908 | D:2      | Learned a level 4 spell: Fulminant Prism
  1913 | D:2      | Learned a level 4 spell: Iskenderun's Mystic Blast
  2216 | D:3      | Reached skill level 5 in Spellcasting
  2287 | D:2      | HP: 1/24 [poisoned by an adder]
  2290 | D:2      | Slain by an adder

Illustrated notes

Levels and vault maps discovered:
D:1:      onia_arrival_mini_spirals, layout_basic, hangedman_decor_push
D:2:      minmay_wonky_spiral, layout_loops_ring, kiku_gazebo_garden_becter
D:3:      layout_basic, fedhas_altar_4, ebering_ghost_sewer_d,
          gup_sewer_entry_pipe, hangedman_abyss_or_decor_stabs,
          grunt_decor_mini_mirrors, lemuel_altar_in_water, uniq_natasha

Skill      XL: |  1  2  3  4 |
---------------+-------------+-----
Spellcasting   | 4 5 |  5.3
Conjurations   | 5 |  5.8
Dodging        | |  2.4
Stealth        | |  2.4

Action                   |  1- 3 |  4- 6 || total
-------------------------+-------+-------++-------
 Cast: Magic Dart        |    43 |     5 ||    48
       Searing Ray       |    11 |    13 ||    24
       Fulminant Prism   |       |     1 ||     1
  Use: Scroll            |     1 |     3 ||     4
       Potion            |       |     1 ||     1
Armor: Robe              |       |     6 ||     6
Dodge: Dodged            |       |    30 ||    30

Table legend: (Time is in decaauts)
 A = Elapsed time spent in this place.
 B = Non-inter-level travel time spent in this place.
 C = Inter-level travel time spent in this place.
 D = Time resting spent in this place.
 E = Time spent auto-exploring this place.
 F = Levels seen in this place.
 G = Mean time per level.
                   A        B        C        D        E       F      G
               +--------+--------+--------+--------+--------+-----+--------+
         Total |   2292 |   2250 |     42 |    754 |   1235 |   3 |  764.0 |
       Dungeon |   2292 |   2250 |     42 |    754 |   1235 |   3 |  764.0 |
               +--------+--------+--------+--------+--------+-----+--------+

Top non-repeatable levels by time:
     D:1: 1159 daAuts
     D:2: 995 daAuts
     D:3: 137 daAuts
